[Event "Titled Tuesday Blitz June 28 Early 2022"]
[White "Coto Mederos, Michel"]
[Black "Hovhannisyan, Robert"]
[WhiteFideId "3508528"]
[BlackFideId "13302507"]
[WhiteElo "2427"]
[BlackElo "2570"]
[Result "0-1"]
[Round "01"]
[TimeControl "180+1"]
[Date "2022.06.28"]
[WhiteClock "0:00:03"]
[BlackClock "0:00:18"]

1. c4 e5 2. Nc3 Bb4 3. Nd5 Be7 4. g3 Nf6 5. Nxe7 Qxe7 6. Bg2 O-O 7. e3 c6 8. Ne2 d5 9. cxd5 cxd5 10. O-O Nc6 11. d3 Bf5 12. a3 a5 13. b3 Qd7 14. Bb2 Bh3 15. Rc1 h5 16. Re1 Bxg2 17. Kxg2 h4 18. h3 hxg3 19. fxg3 Rfe8 20. g4 Rad8 21. Ng3 Qe6 22. Rf1 Ne7 23. g5 Nd7 24. Qh5 Rc8 25. h4 d4 26. e4 Ng6 27. Nf5 Qxb3 28. Rxc8 Rxc8 29. Bc1 Rxc1 30. Ne7+ Nxe7 31. Rxc1 Qb2+ 32. Kg3 Qxc1 0-1


[Site "https://www.chess.com"]

[Event "Titled Tuesday Blitz June 28 Early 2022"]
[White "Daeschler, Florian"]
[Black "Xu, Yi"]
[WhiteFideId "20678193"]
[BlackFideId "8605564"]
[WhiteElo "2221"]
[BlackElo "2471"]
[Result "0-1"]
[Round "01"]
[TimeControl "180+1"]
[Date "2022.06.28"]
[WhiteClock "0:01:00"]
[BlackClock "0:01:08"]

1. d4 Nf6 2. c4 e6 3. g3 d5 4. Bg2 Bb4+ 5. Nd2 O-O 6. Nf3 dxc4 7. a3 Bxd2+ 8. Bxd2 b5 9. O-O Bb7 10. e3 Nbd7 11. b3 Nb6 12. a4 a6 13. Bb4 Re8 14. Qc2 cxb3 15. Qxb3 Nxa4 16. Rfc1 Bd5 17. Qc2 c6 18. Ne5 Bxg2 19. Kxg2 Qd5+ 20. Kg1 c5 21. Bxc5 Rac8 22. Rxa4 bxa4 23. Qxa4 Ne4 24. Nd3 Ng5 25. h4 Nf3+ 26. Kf1 e5 27. Nb4 Qe4 28. Qxa6 exd4 29. exd4 Nxd4 0-1


[Site "https://www.chess.com"]

[Event "Titled Tuesday Blitz June 28 Early 2022"]
[White "Daneshvar, Bardiya"]
[Black "Mickiewicz, Piotr"]
[WhiteFideId "12576468"]
[BlackFideId "1114891"]
[WhiteElo "2303"]
[BlackElo "2209"]
[Result "1-0"]
[Round "01"]
[TimeControl "180+1"]
[Date "2022.06.28"]
[WhiteClock "0:00:10"]
[BlackClock "0:00:02"]

1. b3 d5 2. Bb2 Nf6 3. e3 Bf5 4. Nf3 e6 5. d4 h6 6. c4 c6 7. Bd3 Bxd3 8. Qxd3 Nbd7 9. O-O Be7 10. Nc3 O-O 11. e4 dxe4 12. Nxe4 Nxe4 13. Qxe4 Bf6 14. Rad1 Re8 15. Ne5 Qc7 16. Qe3 Rad8 17. f4 c5 18. dxc5 Qxc5 19. Bd4 Qa5 20. Nxd7 Rxd7 21. Bxf6 Rxd1 22. Rxd1 gxf6 23. Qg3+ Kf8 24. Qf2 Rd8 25. Rxd8+ Qxd8 26. Qxa7 Qd1+ 27. Kf2 Qc2+ 28. Kf3 Qd1+ 29. Kg3 Qd3+ 30. Kf2 Qd2+ 31. Kf3 Qd1+ 32. Ke4 Qc2+ 33. Ke3 Qc3+ 34. Kf2 Qd2+ 35. Kg3 Qd3+ 36. Kh4 Qe2 37. Qxb7 Qf2+ 38. Kh3 Qxf4 39. Qa8+ Kg7 40. Qf3 Qd2 41. a4 f5 42. c5 Qd4 43. c6 Qc5 44. c7 Kf6 45. Qb7 Qc3+ 46. g3 1-0


[Site "https://www.chess.com"]

[Event "Titled Tuesday Blitz June 28 Early 2022"]
[White "Dardha, Daniel"]
[Black "Sukandar, Irine Kharisma"]
[WhiteFideId "240990"]
[BlackFideId "7101937"]
[WhiteElo "2482"]
[BlackElo "2293"]
[Result "1-0"]
[Round "01"]
[TimeControl "180+1"]
[Date "2022.06.28"]
[WhiteClock "0:01:46"]
[BlackClock "0:00:04"]

1. Nf3 Nf6 2. c4 c5 3. Nc3 d5 4. cxd5 Nxd5 5. e4 Nc7 6. d4 cxd4 7. Nxd4 e5 8. Ndb5 Qxd1+ 9. Kxd1 Nxb5 10. Bxb5+ Bd7 11. Bxd7+ Nxd7 12. Ke2 Bc5 13. Rd1 O-O-O 14. Bg5 f6 15. Be3 Bxe3 16. Kxe3 Nb6 17. b3 a6 18. a4 Rxd1 19. Rxd1 Rd8 20. Rc1 Kb8 21. a5 Nc8 22. Nd5 Na7 23. g3 Nc6 24. b4 f5 25. Rc5 g6 26. exf5 gxf5 27. f4 Re8 28. Nf6 exf4+ 29. Kxf4 Re2 30. h4 Rf2+ 31. Kg5 Rg2 32. Rc3 Nxb4 33. Nxh7 Nd5 34. Rd3 Ne7 35. Nf6 Kc7 36. Rd7+ Kc6 37. Rxe7 Rxg3+ 38. Kxf5 Rh3 39. h5 1-0


[Site "https://www.chess.com"]

[Event "Titled Tuesday Blitz June 28 Early 2022"]
[White "De La Colina, Nicolas"]
[Black "Vachier-Lagrave, Maxime"]
[WhiteFideId "30946921"]
[BlackFideId "623539"]
[WhiteElo "2046"]
[BlackElo "2813"]
[Result "0-1"]
[Round "01"]
[TimeControl "180+1"]
[Date "2022.06.28"]
[WhiteClock "0:00:04"]
[BlackClock "0:01:48"]

1. e4 c6 2. d4 d5 3. exd5 cxd5 4. Bd3 Nf6 5. c3 Nc6 6. Bf4 Bg4 7. Qb3 Qb6 8. Nd2 e6 9. Ngf3 Be7 10. O-O Nd7 11. Rfe1 Bh5 12. Ne5 Ncxe5 13. Bxe5 Nxe5 14. Rxe5 Bg6 15. Bxg6 hxg6 16. Nf3 Bd6 17. Re2 Qxb3 18. axb3 a5 19. g3 Kd7 20. Kg2 f6 21. Ra2 b5 22. Re1 Ra6 23. Rea1 Rha8 24. b4 a4 25. b3 Kc6 26. Nd2 e5 27. bxa4 Rxa4 28. Rxa4 bxa4 29. dxe5 Bxe5 30. Ra3 Kb5 31. f4 Bc7 32. Kf3 Bb6 33. Ke2 Re8+ 34. Kf1 Re3 35. Nb1 d4 36. cxd4 Rxa3 37. Nxa3+ Kxb4 38. Nb1 Bxd4 39. Ke2 f5 40. Kd3 Bf6 41. Kc2 a3 42. Nxa3 Kxa3 43. Kd3 Kb4 44. h3 Kc5 45. g4 Kd5 46. Ke3 Bd4+ 47. Kf3 Kc4 48. Kg3 Kd3 49. Kh4 Bf6+ 50. g5 Bc3 51. Kg3 Ke3 52. Kh4 Be1# 0-1


[Site "https://www.chess.com"]

[Event "Titled Tuesday Blitz June 28 Early 2022"]
[White "De Silva, L M S T"]
[Black "Kupervaser, Erez"]
[WhiteFideId "9953698"]
[BlackFideId "2814587"]
[WhiteElo "1631"]
[BlackElo "1832"]
[Result "0-1"]
[Round "01"]
[TimeControl "180+1"]
[Date "2022.06.28"]
[WhiteClock "0:01:35"]
[BlackClock "0:01:39"]

1. e4 Nf6 2. e5 Nd5 3. d4 d6 4. Nf3 g6 5. Be2 Bg7 6. c4 Nb6 7. exd6 cxd6 8. b3 O-O 9. Bb2 Nc6 10. O-O Bg4 11. h3 Bxf3 12. Bxf3 d5 13. c5 Nc8 14. a3 e6 15. b4 a6 16. Qd3 Qh4 17. Rd1 N8e7 18. Nd2 Nxd4 19. g3 Nxf3+ 20. Nxf3 Qxh3 21. Bxg7 Kxg7 22. Qd4+ Kg8 23. Ne5 Nf5 24. Qb2 Rad8 25. a4 d4 26. b5 Nxg3 27. fxg3 Qxg3+ 28. Qg2 Qxe5 29. Rac1 axb5 30. axb5 d3 31. Rd2 Rc8 32. c6 bxc6 33. bxc6 Rfd8 34. Qf3 Qd4+ 35. Kg2 Qd5 36. Rc3 Qxf3+ 37. Kxf3 Rd6 38. Rcxd3 Rxd3+ 39. Rxd3 Rxc6 40. Kg4 Kg7 41. Rf3 h5+ 42. Kg3 g5 43. Re3 f5 44. Re2 Kf6 45. Kf2 g4 46. Rc2 Rxc2+ 0-1


[Site "https://www.chess.com"]

[Event "Titled Tuesday Blitz June 28 Early 2022"]
[White "Deac, Bogdan-Daniel"]
[Black "Cruz Ravina, Francisco Javier"]
[WhiteFideId "1226380"]
[BlackFideId "2228939"]
[WhiteElo "2648"]
[BlackElo "2510"]
[Result "0-1"]
[Round "01"]
[TimeControl "180+1"]
[Date "2022.06.28"]
[WhiteClock "0:00:05"]
[BlackClock "0:00:15"]

1. d4 Nf6 2. Nf3 g6 3. Nbd2 d6 4. e4 Nc6 5. c3 e5 6. Bd3 Bg7 7. O-O O-O 8. h3 Re8 9. Re1 d5 10. dxe5 Nxe4 11. Nxe4 dxe4 12. Bxe4 Qxd1 13. Rxd1 Nxe5 14. a4 Nxf3+ 15. Bxf3 c6 16. a5 a6 17. Ra4 Bf8 18. Bf4 Be6 19. Re4 Rad8 20. Rde1 Bd7 21. Rd1 Be6 22. Rde1 Bd7 23. h4 Rxe4 24. Rxe4 Bf5 25. Re1 h5 26. g3 Be6 27. Be4 Bb3 28. Bf3 Be6 29. Kg2 Bc5 30. Bg5 Rd3 31. Be4 Bd5 32. Bxd5 Rxd5 33. Re8+ Kg7 34. Bf4 Rd7 35. Kf3 f6 36. b4 Be7 37. Be3 Kf7 38. Rb8 Bd6 39. Rh8 Bf8 40. Rh7+ Ke6 41. Rxd7 Kxd7 42. g4 Ke6 43. gxh5 gxh5 44. Bd4 f5 45. Be3 Be7 46. Bg5 Bd6 47. Bf4 Bf8 48. Be3 Bg7 49. Bd2 Bf6 50. Kg3 Be5+ 51. Kf3 Kd5 52. Ke3 Kc4 53. Kf3 Bxc3 54. Bxc3 Kxc3 55. Kf4 Kxb4 56. Kxf5 c5 57. Ke4 c4 58. f4 c3 59. Kd3 Kb3 60. f5 c2 0-1


[Site "https://www.chess.com"]

[Event "Titled Tuesday Blitz June 28 Early 2022"]
[White "Delorme, Alban"]
[Black "Tasev, Dejan"]
[WhiteFideId "623636"]
[BlackFideId "936618"]
[WhiteElo "2197"]
[BlackElo "2253"]
[Result "0-1"]
[Round "01"]
[TimeControl "180+1"]
[Date "2022.06.28"]
[WhiteClock "0:01:20"]
[BlackClock "0:00:42"]

1. e4 e5 2. Nf3 Nc6 3. Bc4 Nf6 4. d4 exd4 5. e5 d5 6. Bb5 Ne4 7. Nxd4 Bd7 8. Bxc6 bxc6 9. O-O Bc5 10. f3 Ng5 11. f4 Ne4 12. Be3 Bb6 13. Nd2 Nxd2 14. Qxd2 c5 15. Nf3 d4 16. Bf2 Bc6 17. c3 Qd5 18. cxd4 O-O-O 19. Rfd1 cxd4 20. Bxd4 Qe4 21. Qf2 Qxf4 22. Bxb6 axb6 23. a4 Bxf3 24. Qxf3 Qxf3 25. gxf3 Rxd1+ 26. Rxd1 Re8 27. f4 g5 28. fxg5 Rxe5 29. h4 Re4 30. Rf1 Rxh4 31. Rxf7 Rxa4 32. Rxh7 Rg4+ 33. Kf2 Rxg5 34. Ke3 Rg2 35. b4 Rg4 36. b5 Rg5 37. Kd4 Rxb5 38. Kc4 Rf5 39. Rg7 Kb7 40. Rh7 b5+ 41. Kb4 Kb6 42. Rh6+ c6 43. Rh8 Rf4+ 44. Kb3 Rf3+ 45. Kb2 c5 46. Rh5 c4 47. Rg5 Ka5 48. Rf5 Rxf5 0-1


[Site "https://www.chess.com"]

[Event "Titled Tuesday Blitz June 28 Early 2022"]
[White "Di Nicolantonio, Lucas"]
[Black "Yoo, Christopher Woojin"]
[WhiteFideId "680460"]
[BlackFideId "30909694"]
[WhiteElo "2381"]
[BlackElo "2105"]
[Result "1-0"]
[Round "01"]
[TimeControl "180+1"]
[Date "2022.06.28"]
[WhiteClock "0:00:05"]
[BlackClock "0:00:02"]

1. e4 c6 2. c4 d5 3. cxd5 cxd5 4. exd5 Nf6 5. Nc3 g6 6. Bc4 Bg7 7. Nge2 Nbd7 8. d3 O-O 9. O-O Nb6 10. Qb3 Re8 11. a4 Nxc4 12. dxc4 e6 13. Nf4 e5 14. Nfe2 Bf5 15. Rd1 Rc8 16. Ng3 Bd7 17. Be3 b6 18. a5 Ng4 19. Nce4 Nxe3 20. Qxe3 Bf8 21. axb6 axb6 22. Ra7 Bg4 23. Rc1 Bg7 24. h3 Bf5 25. d6 Rf8 26. Re7 Be6 27. b3 Rc6 28. Rd1 Rxd6 29. Rxd6 Qxe7 30. Qxb6 f5 31. Rxe6 Qa3 32. Nf6+ Kh8 33. Nd5 Qc1+ 34. Kh2 f4 35. Ne4 f3 36. gxf3 Qf1 37. Qc6 Bh6 38. Re8 1-0


[Site "https://www.chess.com"]

[Event "Titled Tuesday Blitz June 28 Early 2022"]
[White "Dinu, Dumitru-Daniel"]
[Black "Karaev, Seit-Amet"]
[WhiteFideId "1208403"]
[BlackFideId "4169549"]
[WhiteElo "2240"]
[BlackElo "2272"]
[Result "0-1"]
[Round "01"]
[TimeControl "180+1"]
[Date "2022.06.28"]
[WhiteClock "0:00:20"]
[BlackClock "0:00:47"]

1. e4 Nf6 2. e5 Nd5 3. d4 d6 4. Nf3 g6 5. Bc4 Nb6 6. Bb3 Bg7 7. Qe2 O-O 8. h3 Nc6 9. O-O dxe5 10. dxe5 Nd4 11. Nxd4 Qxd4 12. Re1 Bf5 13. Nc3 a5 14. a4 Qd7 15. Bg5 Rae8 16. e6 fxe6 17. Rad1 Qc6 18. Bxe6+ Bxe6 19. Qxe6+ Qxe6 20. Rxe6 Bxc3 21. bxc3 Kf7 22. Re5 Nxa4 23. Rd7 Nxc3 24. Rxc7 Na2 25. Rxa5 Ra8 26. Rxe7+ Kg8 27. Rxa8 Rxa8 28. Rxb7 Rc8 29. Rb2 Nc3 30. Kf1 Ne4 31. Be3 h5 32. Ke1 Kf7 33. Rb7+ Ke6 34. Rb6+ Kf7 35. Rb2 Rc7 36. Kd1 Nc3+ 37. Ke1 Nd5 38. Bd4 Re7+ 39. Kd2 Rd7 40. c3 Nf4 41. g3 Nxh3 42. Ke3 Ng5 43. c4 Ne6 44. Rd2 Re7 45. Kf3 Ng5+ 46. Kg2 Ne4 47. Re2 Re6 48. f3 Ng5 49. Rxe6 Kxe6 50. Be3 Nf7 51. c5 Kd5 52. Kf2 Ne5 53. f4 Nc6 54. Kf3 Ne7 55. Kf2 Nf5 56. Kf3 Nh6 57. Bg1 Ng4 58. Be3 Nh6 59. Bg1 Nf5 60. Bf2 Ne7 61. Bg1 Nc6 62. Bf2 Ke6 63. g4 hxg4+ 64. Kxg4 Kf6 65. Bh4+ Ke6 66. Kg5 Kf7 67. Bf2 Nd8 68. Bd4 Ne6+ 69. Kg4 Nxd4 70. Kg5 Nf5 71. Kg4 Kf6 72. Kf3 Ke6 73. Ke4 Ne7 74. Kd4 Kf5 75. Ke3 Nd5+ 76. Kd4 Nxf4 77. c6 Ne6+ 78. Kd5 g5 0-1


[Site "https://www.chess.com"]

[Event "Titled Tuesday Blitz June 28 Early 2022"]
[White "Djabri,Massinas"]
[Black "Averjanov, Alexey"]
[WhiteFideId "7905726"]
[BlackFideId "14109867"]
[WhiteElo "1941"]
[BlackElo "2726"]
[Result "1-0"]
[Round "01"]
[TimeControl "180+1"]
[Date "2022.06.28"]
[WhiteClock "0:01:40"]
[BlackClock "0:01:25"]

1. d4 d5 2. Bf4 Nf6 3. e3 e6 4. Nf3 c5 5. Nc3 a6 6. dxc5 Bxc5 7. Bd3 Nc6 8. O-O O-O 9. e4 Nb4 10. Bg5 Nxd3 11. Qxd3 dxe4 12. Qxd8 Rxd8 13. Nxe4 Be7 14. Nxf6+ gxf6 15. Be3 Bd7 16. Nd4 Rac8 17. c3 e5 18. Nb3 Be6 19. Rfd1 Kg7 20. f3 f5 21. Kf2 b5 22. Bb6 Rxd1 23. Rxd1 Rc6 24. Bd8 Bf8 25. Na5 Rd6 26. Rxd6 Bxd6 27. a3 e4 28. fxe4 fxe4 29. g3 Bc5+ 30. Ke1 f5 31. Bg5 Kg6 32. Bf4 Kh5 33. Nb7 Bb6 34. h3 Kg6 35. b4 Bc4 36. Nc5 a5 37. Nd7 Bd8 38. Ne5+ Kf6 39. Nxc4 bxc4 40. Be3 h5 41. b5 a4 42. b6 Ke6 43. b7 Bc7 44. Bf4 Kd7 45. b8=Q Bxb8 46. Bxb8 Ke6 47. Kd2 Kd5 48. Ke3 Ke6 49. Kf4 Kf6 50. Be5+ Kg6 51. Bd4 h4 52. gxh4 Kh5 53. Kxf5 Kxh4 54. Kxe4 Kxh3 55. Kd5 Kg4 56. Kxc4 Kf5 57. Kb4 Ke4 58. Kxa4 Kd5 59. Kb4 Kc6 60. a4 Kb7 61. a5 Ka6 62. c4 Kb7 63. Kb5 Ka8 64. c5 Kb7 65. Kc4 Ka6 66. Bc3 Kb7 67. Kd5 Kc7 68. c6 Kb8 69. Kd6 Ka8 70. c7 Ka7 71. Kd7 Ka6 72. c8=Q+ Ka7 73. Bd4# 1-0


[Site "https://www.chess.com"]

[Event "Titled Tuesday Blitz June 28 Early 2022"]
[White "Dobrikov, Marco"]
[Black "Kapitsyn, Mark"]
[WhiteFideId "12950378"]
[BlackFideId "4116240"]
[WhiteElo "2101"]
[BlackElo "2300"]
[Result "1-0"]
[Round "01"]
[TimeControl "180+1"]
[Date "2022.06.28"]
[WhiteClock "0:02:02"]
[BlackClock "0:00:01"]

1. e4 c5 2. Nf3 e6 3. d4 cxd4 4. Nxd4 Nc6 5. Nxc6 bxc6 6. c4 Nf6 7. Bd3 e5 8. O-O Be7 9. Nc3 O-O 10. Be3 d6 11. Be2 Be6 12. Qd2 a5 13. Rfd1 Qc7 14. Rac1 Ng4 15. Bxg4 Bxg4 16. f3 Be6 17. b3 f5 18. Nd5 Bxd5 19. cxd5 c5 20. Rc4 fxe4 21. fxe4 a4 22. bxa4 Qa5 23. Qxa5 Rxa5 24. Rb1 h6 25. Bd2 Ra6 26. a5 Rfa8 27. Ra4 Bd8 28. Rb5 Kf7 29. Kf2 Kg6 30. Ke2 Kh5 31. Kd3 Kg4 32. Kc4 h5 33. Ra3 h4 34. Rb7 g5 35. Kb5 Kh5 36. Rb8 g4 37. Rxa8 Rxa8 38. a6 Kg6 39. a7 Kf7 40. Kc6 g3 41. h3 Be7 42. Kb7 1-0


[Site "https://www.chess.com"]

[Event "Titled Tuesday Blitz June 28 Early 2022"]
[White "Domingo Nunez, Ruben"]
[Black "Gundam, Rohit"]
[WhiteFideId "22245570"]
[BlackFideId "75002809"]
[WhiteElo "2376"]
[BlackElo "2350"]
[Result "1-0"]
[Round "01"]
[TimeControl "180+1"]
[Date "2022.06.28"]
[WhiteClock "0:01:51"]
[BlackClock "0:00:06"]

1. c4 Nf6 2. Nc3 e6 3. Nf3 d5 4. e3 Be7 5. b3 O-O 6. Bb2 Nbd7 7. Be2 b6 8. O-O Bb7 9. Rc1 c5 10. Qc2 Rc8 11. Rfd1 Qc7 12. Qb1 Qb8 13. Qa1 Rfd8 14. cxd5 exd5 15. d4 Bf8 16. h3 h6 17. Ne5 Nxe5 18. dxe5 Ne4 19. Nxe4 dxe4 20. Bg4 Rxd1+ 21. Rxd1 Rd8 22. e6 Rxd1+ 23. Qxd1 Qe8 24. exf7+ Qxf7 25. Qd8 Qd5 26. Qe8 Qd6 27. Be6+ Kh8 28. Qf7 Qe7 29. Bxg7+ Kh7 30. Bf5# 1-0


[Site "https://www.chess.com"]

[Event "Titled Tuesday Blitz June 28 Early 2022"]
[White "Dudzinski, Pawel"]
[Black "Djokic, Mihailo"]
[WhiteFideId "1117890"]
[BlackFideId "976440"]
[WhiteElo "2011"]
[BlackElo "2255"]
[Result "0-1"]
[Round "01"]
[TimeControl "180+1"]
[Date "2022.06.28"]
[WhiteClock "0:00:05"]
[BlackClock "0:01:01"]

1. e4 c5 2. c4 Nc6 3. Nc3 g6 4. g3 Bg7 5. Bg2 d6 6. Rb1 e6 7. Nge2 Nge7 8. a3 O-O 9. b4 b6 10. O-O Bb7 11. d3 Qd7 12. b5 Nd4 13. Nxd4 Bxd4 14. Ne2 Bg7 15. Bb2 d5 16. Bxg7 Kxg7 17. exd5 exd5 18. Nf4 Rad8 19. Re1 dxc4 20. dxc4 Bxg2 21. Qxd7 Rxd7 22. Kxg2 Rfd8 23. Re2 g5 24. Rbe1 Nf5 25. Nd5 Nd6 26. Ne3 Kf8 27. Rf1 Re8 28. Rd2 Red8 29. Rfd1 Ke8 30. f3 Nf5 31. Nd5 Rxd5 32. cxd5 Ne3+ 33. Kf2 Nxd1+ 34. Rxd1 Kd7 35. Ke3 Kd6 36. Ke4 c4 37. Kf5 Kc5 38. Kxg5 Rxd5+ 39. Rxd5+ Kxd5 40. Kf4 Kd4 0-1


[Site "https://www.chess.com"]

[Event "Titled Tuesday Blitz June 28 Early 2022"]
[White "Estrada Nieto, Julian"]
[Black "Nasuta, Grzegorz"]
[WhiteFideId "5101018"]
[BlackFideId "1141686"]
[WhiteElo "2252"]
[BlackElo "2366"]
[Result "1-0"]
[Round "01"]
[TimeControl "180+1"]
[Date "2022.06.28"]
[WhiteClock "0:01:08"]
[BlackClock "0:01:15"]

1. e4 g6 2. d4 Bg7 3. Nf3 d6 4. Nc3 e6 5. Be2 Ne7 6. Bf4 Nd7 7. Qd2 h6 8. h4 b6 9. O-O Bb7 10. Rfe1 a6 11. a4 Kf8 12. Rad1 Kg8 13. Bd3 e5 14. dxe5 Nxe5 15. Nxe5 dxe5 16. Bg3 Kh7 17. h5 Qd6 18. Bc4 Qf6 19. Qd7 Rac8 20. hxg6+ fxg6 21. Qe6 Qxe6 22. Bxe6 Rcd8 23. Nd5 Rd6 24. Nxc7 Rc6 25. Rd7 Bf6 26. Bd5 Rc8 27. Bxc6 Bxc6 28. Rd6 Kg7 29. Ne6+ Kf7 30. Nd8+ Kg7 31. Nxc6 Nxc6 32. Rd7+ Kg8 33. c3 Na5 34. Rd6 Bd8 35. Rxg6+ Kh7 36. Re6 Nc4 37. b3 Nd2 38. Bxe5 Nxb3 39. Re3 Nc5 40. Rd6 Bc7 41. Rc6 1-0


[Site "https://www.chess.com"]

[Event "Titled Tuesday Blitz June 28 Early 2022"]
[White "Fecker, Noah"]
[Black "Vainio, Ville"]
[WhiteFideId "1334263"]
[BlackFideId "507270"]
[WhiteElo "2312"]
[BlackElo "2219"]
[Result "1/2-1/2"]
[Round "01"]
[TimeControl "180+1"]
[Date "2022.06.28"]
[WhiteClock "0:00:19"]
[BlackClock "0:00:05"]

1. Nf3 d6 2. g3 e5 3. Bg2 f5 4. O-O Nf6 5. d3 Be7 6. c4 O-O 7. Nc3 Qe8 8. b4 a5 9. b5 Qh5 10. Bb2 f4 11. e3 Bh3 12. exf4 Ng4 13. Nd5 Bd8 14. Qe2 c6 15. Ne3 exf4 16. Bxh3 Qxh3 17. Nxg4 Qxg4 18. Kg2 fxg3 19. fxg3 Nd7 20. h3 Qg6 21. bxc6 bxc6 22. Nd4 Ne5 23. Rxf8+ Kxf8 24. Rf1+ Kg8 25. Nxc6 Nxc6 26. Qf3 Bf6 27. Qxc6 Re8 28. Bxf6 gxf6 29. Rf2 Re3 30. Qxd6 Qxd3 31. Qxd3 Rxd3 32. Rxf6 Rc3 33. Ra6 Rc2+ 34. Kf3 Rxa2 35. c5 Rc2 36. Rxa5 Kf7 37. Kg4 Kg6 38. Ra6+ Kg7 39. c6 Rc5 40. Kh4 h6 41. g4 Rc4 42. Kg3 Rc3+ 43. Kh4 Rc4 44. Ra7+ Kg6 45. c7 Rc3 46. Rb7 Kf6 47. Rb6+ Kg7 48. Rb7 Kg6 49. Ra7 Rc4 50. Ra6+ Kg7 51. Kg3 Rxc7 52. Ra3 Rc4 53. Kh4 Kg6 54. Ra6+ Kg7 55. Kh5 Rc5+ 56. Kh4 Rc4 57. Ra3 Kg6 58. Kg3 Rd4 59. h4 Rb4 60. Rf3 Kg7 61. Rf4 Rb3+ 62. Rf3 Rb4 63. Re3 Kg6 64. Kf3 Rc4 65. Re4 Rc3+ 66. Kf4 Rc1 67. Re6+ Kg7 68. h5 Rc4+ 69. Kg3 Rc5 70. Rg6+ Kh7 71. Kf4 Rc4+ 72. Kf5 Rc5+ 73. Ke6 Rc6+ 74. Kf5 Rc7 75. Rb6 Rc5+ 76. Kf4 Rc4+ 77. Kg3 Rc3+ 78. Kh4 Rc4 79. Rb3 Kg7 80. Kg3 Rc5 81. Re3 Rc4 82. Rf3 Rc5 83. Re3 Rc4 84. Kf3 Rc5 85. Re4 Rc3+ 86. Kf4 Rc1 87. Kf5 Rf1+ 88. Rf4 Rc1 89. Ra4 Rc5+ 90. Ke4 Rc1 91. Ra7+ Kg8 92. Kf5 Rc5+ 93. Ke6 Rg5 94. Ra4 Kg7 95. Ra7+ Kg8 96. Ra4 Kg7 97. Rf4 Ra5 98. Rf7+ Kg8 99. Rb7 Rg5 100. Rb4 Kg7 101. Rc4 Kg8 102. Kf6 Ra5 103. Re4 Kh8 104. Rf4 Kh7 105. Re4 Ra6+ 106. Re6 Ra5 107. Re7+ Kh8 108. Kg6 Ra6+ 109. Kf7 Ra5 110. Re6 Kh7 111. Re4 Rg5 112. Kf6 Rg8 113. Re7+ Kh8 114. Kf5 Rg5+ 115. Kf4 Rg8 116. Rf7 Rg5 117. Rf6 Kg7 118. Rc6 1/2-1/2


[Site "https://www.chess.com"]

[Event "Titled Tuesday Blitz June 28 Early 2022"]
[White "Florescu, Codrut-Constantin"]
[Black "Gaisinsky, Adam"]
[WhiteFideId "1202200"]
[BlackFideId "2620561"]
[WhiteElo "2191"]
[BlackElo "1965"]
[Result "1-0"]
[Round "01"]
[TimeControl "180+1"]
[Date "2022.06.28"]
[WhiteClock "0:00:13"]
[BlackClock "0:00:05"]

1. d4 Nf6 2. Nf3 d5 3. c4 e6 4. Nc3 c6 5. e3 Nbd7 6. Qc2 Bd6 7. Be2 O-O 8. O-O dxc4 9. a4 e5 10. Bxc4 Qc7 11. h3 Re8 12. Ng5 Rf8 13. Rd1 Nb6 14. Bb3 exd4 15. exd4 h6 16. Nf3 a5 17. Bxh6 Nbd5 18. Bg5 Nb4 19. Qd2 Nfd5 20. Ne4 Bf5 21. Nxd6 Qxd6 22. Ne5 f6 23. Nc4 Qc7 24. Bh4 Rad8 25. Ne3 Be6 26. Bg3 Qf7 27. Nxd5 Bxd5 28. Bxd5 Rxd5 29. Qf4 Rfd8 30. Qc7 R8d7 31. Qb8+ Kh7 32. Qf4 Nc2 33. Rac1 Nxd4 34. Qe4+ Qg6 35. Qxg6+ Kxg6 36. Kf1 Nb3 37. Rxd5 Rxd5 38. Rc2 Nc5 39. Rc4 Nd3 40. b3 Kf5 41. Ke2 Nb4 42. Bc7 Nc2 43. g4+ Ke6 44. f4 Nd4+ 45. Ke3 Nxb3 46. f5+ Kd7 47. Bf4 Nc5 48. h4 b5 49. axb5 cxb5 50. Rd4 Rxd4 51. Kxd4 Kc6 52. g5 Nd7 53. g6 a4 54. Bh6 a3 55. Kc3 b4+ 56. Kc2 Kb5 57. Bxg7 Kc4 58. Bf8 b3+ 59. Kb1 a2+ 60. Ka1 Kc3 61. Ba3 Kc2 62. Bb2 Nc5 63. g7 Nd3 64. g8=Q Nxb2 65. Qg2+ Kc3 66. Qxb2+ Kb4 67. h5 1-0


[Site "https://www.chess.com"]

[Event "Titled Tuesday Blitz June 28 Early 2022"]
[White "Garcia Cuenca, Victor"]
[Black "Atabayev, Saparmyrat"]
[WhiteFideId "2250829"]
[BlackFideId "14000571"]
[WhiteElo "2317"]
[BlackElo "2483"]
[Result "0-1"]
[Round "01"]
[TimeControl "180+1"]
[Date "2022.06.28"]
[WhiteClock "0:01:08"]
[BlackClock "0:01:52"]

1. d4 d5 2. Nf3 Nf6 3. e3 Bf5 4. c4 e6 5. Nc3 Bb4 6. Qa4+ Nc6 7. Ne5 O-O 8. Nxc6 Bxc3+ 9. bxc3 bxc6 10. Qxc6 Rb8 11. Ba3 Re8 12. Be2 Ne4 13. cxd5 Rb6 14. Qa4 Nxc3 15. Qxa7 Nxe2 16. Kxe2 Qxd5 17. Qxc7 Rc6 18. Qe5 Rc2+ 19. Kd1 Qxg2 0-1


[Site "https://www.chess.com"]

[Event "Titled Tuesday Blitz June 28 Early 2022"]
[White "Garcia, Gabriel Gonzaga"]
[Black "Nguyen, Quoc Hy"]
[WhiteFideId "2138956"]
[BlackFideId "12410853"]
[WhiteElo "2240"]
[BlackElo "1938"]
[Result "0-1"]
[Round "01"]
[TimeControl "180+1"]
[Date "2022.06.28"]
[WhiteClock "0:00:23"]
[BlackClock "0:00:04"]

1. e4 c5 2. Nf3 d6 3. d4 cxd4 4. Qxd4 a6 5. c4 Nc6 6. Qd2 g6 7. b3 Bh6 8. Qc3 Qa5 9. Qxa5 Nxa5 10. Nc3 Bg7 11. Bb2 Nf6 12. Nd5 Rb8 13. Nxf6+ Bxf6 14. Bxf6 exf6 15. Nd4 Nc6 16. O-O-O Ke7 17. Nxc6+ bxc6 18. Bd3 Be6 19. Rhe1 a5 20. f4 Rhd8 21. f5 Bc8 22. Kc2 c5 23. Kc3 Bb7 24. g4 Bc6 25. Bc2 Rh8 26. h4 h5 27. g5 fxg5 28. hxg5 h4 29. e5 dxe5 30. Rxe5+ Kf8 31. Rxc5 Bf3 32. Rf1 h3 33. fxg6 h2 34. Rf5 h1=Q 35. Rxf7+ Kg8 36. R7xf3 Qh4 37. Rf4 Qxg5 38. Be4 Rh3+ 39. Kb2 Rd8 40. Rf5 Rh2+ 41. Kb1 Qd2 0-1


[Site "https://www.chess.com"]

[Event "Titled Tuesday Blitz June 28 Early 2022"]
[White "Garv Gaur"]
[Black "Terry, Renato"]
[WhiteFideId "45030839"]
[BlackFideId "3803457"]
[WhiteElo "1950"]
[BlackElo "2577"]
[Result "0-1"]
[Round "01"]
[TimeControl "180+1"]
[Date "2022.06.28"]
[WhiteClock "0:00:03"]
[BlackClock "0:00:07"]

1. d4 d5 2. Nf3 Nf6 3. c4 c6 4. g3 Bf5 5. Nc3 e6 6. Nh4 Bg4 7. h3 Bh5 8. g4 Bg6 9. Qb3 Qb6 10. Nxg6 hxg6 11. c5 Qc7 12. Bg2 Nbd7 13. Bg5 e5 14. e3 Be7 15. Qc2 Nf8 16. dxe5 Qxe5 17. Bf4 Qe6 18. Ne2 Qd7 19. Nd4 Ne6 20. Nxe6 Qxe6 21. O-O a5 22. b4 axb4 23. Rab1 Nd7 24. Rxb4 Nxc5 25. e4 dxe4 26. Be3 Rxa2 27. Qb1 f5 28. Rc1 Nd3 29. Rxb7 Nxc1 30. Rb8+ Kf7 31. Rxh8 Ne2+ 32. Kh1 Qd5 33. Bf1 f4 34. Qb8 fxe3 35. Qe8+ Kf6 36. h4 Qe6 37. g5+ Ke5 38. Qb8+ Bd6 39. Qb7 exf2 40. Qxg7+ Kd5 41. Rd8 Ng3+ 42. Kg2 Nxf1 43. Qc3 Qg4+ 44. Kh1 Qg1# 0-1


[Site "https://www.chess.com"]